 Dungeon Crawl Stone Soup version 0.14-a0-2618-g5301534 (webtiles) character file.

981 Jenx the Spear-Bearer (level 7, -2/52 HPs)
             Began as a Merfolk Berserker on Feb 14, 2014.
             Was an Elder of Trog.
             Slain by Blork the orc
             ... wielding a -1,+1 orcish dire flail
              (8 damage)
             ... on Level 6 of the Dungeon.
             The game lasted 00:11:27 (3521 turns).

Jenx the Spear-Bearer (Merfolk Berserker)           Turns: 3521, Time: 00:11:27

HP  -2/52        AC  8     Str 18      XL: 7   Next: 70%
MP   7/7         EV 13     Int  8      God: Trog [****..]
Gold 261         SH  0     Dex 15      Spells:  0 memorised,  6 levels left

rFire  . . .     SeeInvis .     a - +0 trident
rCold  . . .     Clarity  .     q - +0 robe {MR+}
rNeg   . . .     Conserve .     (no shield)
rPois  +         rCorr    .     w - +2 helmet
rElec  .         rRot     .     x - +0 cloak
SustAb . .       Spirit   .     F - +0 pair of gloves
rMut   .         Warding  .     k - +0 pair of boots
Saprov . . .     Stasis   .     (no amulet)
MR     +++..                    p - ring of poison resistance
                                g - +2 ring of intelligence

@: regenerating, exhausted, slowed, very slow, extremely resistant to hostile
enchantments, unstealthy
A: change form in water, swift swim
a: Burn Spellbooks, Berserk, Trog's Hand, Brothers in Arms, Renounce Religion


You were on level 6 of the Dungeon.
You worshipped Trog.
Trog was greatly pleased with you.
You were near starving.

You visited 1 branch of the dungeon, and saw 6 of its levels.

You collected 261 gold pieces.

Inventory:

Hand weapons
 a - a +0,+0 trident (weapon)
 b - a +0 blowgun
 l - a +3,+0 elven dagger of venom
 H - a +2,+2 spear of dragon slaying
Missiles
 I - 14 poisoned needles
Armour
 k - a +0 pair of boots (worn)
 q - a +0 robe of magic resistance (worn)
 w - a +2 helmet (worn)
 x - a +0 cloak (worn)
 B - a +0 elven scale mail
 F - a +0 pair of gloves (worn)
Comestibles
 c - 7 bread rations
 u - 3 meat rations
 E - a chunk of kobold flesh
Scrolls
 d - 2 scrolls of magic mapping {unknown}
 i - 3 scrolls of enchant weapon II
 m - 4 scrolls of amnesia {unknown}
 n - a scroll of teleportation {unknown}
 o - 2 scrolls of fear {unknown}
 s - 2 scrolls of immolation {unknown}
 t - a scroll of enchant weapon I {unknown}
 v - a scroll of curse weapon {unknown}
 D - a scroll of remove curse {unknown}
Jewellery
 g - a +2 ring of intelligence (left hand)
 h - an uncursed ring of positive energy
 p - a ring of poison resistance (right hand)
 A - an uncursed ring of invisibility {unknown}
Potions
 e - a potion of brilliance {unknown}
 f - 2 potions of restore abilities
 j - 2 potions of speed {unknown}
 r - 2 potions of curing
 z - 2 potions of heal wounds {unknown}
 C - a potion of resistance {unknown}
 G - a potion of might {unknown}
 J - a potion of poison {unknown}


   Skills:
 - Level 3.2 Fighting
 * Level 12.2 Polearms
 - Level 1.3 Armour
 - Level 2.6 Dodging


You had 6 spell levels left.
You didn't know any spells.

Dungeon Overview and Level Annotations

Branches:
Dungeon (6/16)             Temple (0/1) D:4

Altars:
Dithmenos
Elyvilon
Fedhas
Makhleb
The Shining One

Annotations:
D:6 Blork the orc


Message History

Blork the orc gestures at you while chanting.
The puff of flame misses you.
Use which ability? (? or * to list)
Your skin crawls.
You feel resistant to hostile enchantments.
You are near starving!
Blork the orc hits you with an orcish dire flail.
* * * LOW HITPOINT WARNING * * *
Blork the orc closely misses you.
You closely miss Blork the orc.
Blork the orc is heavily wounded.
Blork the orc drinks a potion.
Blork the orc is healed!
Blork the orc barely misses you.
You barely miss Blork the orc.
Blork the orc is lightly wounded.
Blork the orc misses you.
You hit Blork the orc.
Blork the orc is moderately wounded.
Blork the orc hits you with an orcish dire flail!
You die...

#...#...$...
#............
#!............
#........../...
#.......$.......
#..?............
#..(............
#......).........
#......o@........
#<...............
#<..............
#...............
#..##...........
#..##..........
#..#.#.##.....
#...#.# ....
#..#.# .


You could see Blork the orc.

Vanquished Creatures
  The ghost of mopl the Purifying Djinni, an experienced DjHe of Elyvilon (D:6)
  An ogre (D:6)
  A crimson imp (D:5)
  2 hounds
  An iguana (D:4)
  An orc priest (D:5)
  An orc wizard (D:5)
  3 worker ants
  5 adders
  A giant mite (D:3)
  An inept feature mimic (D:4)
  A worm (D:4)
  A giant eyeball (D:4)
  10 orcs
  5 ball pythons
  9 bats
  A bat skeleton (D:5)
  4 giant cockroaches
  9 hobgoblins
  3 jackals (D:2)
  13 kobolds
  3 giant newts
  7 goblins
  A kobold zombie (D:5)
  7 rats
92 creatures vanquished.

Notes
Turn   | Place    | Note
--------------------------------------------------------------
     0 | D:1      | Jenx, the Merfolk Berserker, began the quest for the Orb.
     0 | D:1      | Reached XP level 1. HP: 18/18 MP: 1/1
   158 | D:1      | Reached skill level 5 in Polearms
   213 | D:1      | Reached XP level 2. HP: 13/24 MP: 2/2
   620 | D:1      | Acquired Trog's second power
   758 | D:2      | Reached XP level 3. HP: 20/29 MP: 3/3
   781 | D:2      | Reached skill level 6 in Polearms
  1389 | D:2      | Found a burning altar of Makhleb.
  1633 | D:3      | Reached XP level 4. HP: 32/35 MP: 4/4
  1743 | D:3      | Reached skill level 7 in Polearms
  1917 | D:4      | Found a glowing golden altar of the Shining One.
  1925 | D:4      | Paralysed by a giant eyeball for 4 turns
  1933 | D:4      | Paralysed by a giant eyeball for 4 turns
  2080 | D:4      | Found a staircase to the Ecumenical Temple.
  2265 | D:4      | Reached skill level 8 in Polearms
  2265 | D:4      | Reached XP level 5. HP: 30/41 MP: 5/5
  2480 | D:4      | Reached skill level 9 in Polearms
  2658 | D:5      | Entered Level 5 of the Dungeon
  2667 | D:5      | Reached XP level 6. HP: 47/47 MP: 6/6
  2762 | D:5      | Found a shadowy altar of Dithmenos.
  2763 | D:5      | Found a white marble altar of Elyvilon.
  2864 | D:5      | Acquired Trog's third power
  3070 | D:5      | Reached skill level 10 in Polearms
  3095 | D:5      | Found a blossoming altar of Fedhas.
  3493 | D:6      | Noticed mopl's ghost (experienced DjHe)
  3500 | D:6      | Noticed Blork the orc
  3503 | D:6      | Killed mopl's ghost
  3503 | D:6      | Reached skill level 11 in Polearms
  3503 | D:6      | Reached XP level 7. HP: 52/52 MP: 7/7
  3508 | D:6      | Reached skill level 12 in Polearms
  3518 | D:6      | HP: 2/52 [Blork the orc/orcish dire flail (5)]
  3521 | D:6      | Slain by Blork the orc

Action                   |  1- 3 |  4- 6 |  7- 9 || total
-------------------------+-------+-------+-------++-------
Melee: Spear             |   174 |    83 |       ||   257
       Trident           |       |   143 |    12 ||   155
 Fire: Blowgun           |       |     4 |       ||     4
Invok: Burn Spellbooks   |     1 |       |       ||     1
       Trog's Hand       |       |     1 |     1 ||     2
       Berserk           |       |     1 |       ||     1
  Use: Scroll            |     1 |     3 |       ||     4
       Potion            |       |       |     2 ||     2
 Stab: Sleeping          |     1 |       |       ||     1
